Match 20734615
Unlisted

Match 20734615
End
Selects Italian Combined Arms Battlegroup
Selects Bersaglieri Squad
Bersaglieri Squad
Bersaglieri Squad
Construct Light Support Kompanie
Bersaglieri Squad
Selects Bersaglieri Bolster
2.5-tonne Medical Truck
Construct Mechanized Kompanie
Selects Breda Model 30 Light Machine Guns
Panzerjäger Mechanized Group
8 Rad Armored Car
Combat Half-tracks
Selects Semovente da 75/18 Assault Gun
Semovente da 75/18 Assault Gun
Semovente da 75/18 Assault Gun
Selects Carro Armato M13/40 Light Tank
Selects Pact of Steel
Carro Armato M13/40 Light Tank
Carro Armato M13/40 Light Tank
Carro Armato M13/40 Light Tank
Support Armor Elements
Marder III Tank Destroyer
Marder III Tank Destroyer
DirtyDan
Rattler
头文字A_中里毅
fury
[KoW]jamp12
佩奇
大家好我是练习两年半的个人指挥官猫你太菜
0
0

Comments sign in to comment!

No comments posted yet!